 Dungeon Crawl Stone Soup version 0.30-a0-618-gd6c86c23d0 (webtiles) character file.

Game seed: 6575653785773188666

858 wormed the Sneak (level 8, -1/48 HPs)
             Began as a Kobold Brigand on Jan 10, 2023.
             Was a Follower of Uskayaw.
             Slain by a gnoll sergeant
             ... wielding a +3 trident of venom
              (7 damage)
             ... on level 5 of the Dungeon.
             The game lasted 00:06:03 (5472 turns).

wormed the Sneak (Kobold Brigand)                   Turns: 5472, Time: 00:06:04

Health: -1/48      AC:  5    Str:  8    XL:     8   Next: 22%
Magic:  10/10      EV: 16    Int: 13    God:    Uskayaw [*.....]
Gold:   220        SH:  0    Dex: 18    Spells: 7/7 levels left

rFire   . . .      SeeInvis .    v - +3 dagger
rCold   . . .      Faith    .    (no shield)
rNeg    . . .      Spirit   .    b - +0 robe
rPois   .          Reflect  .    w - +1 helmet
rElec   .          Harm     .    c - +0 cloak
rCorr   .          Rampage  .    (no gloves)
Will    .....                    (no boots)
Stlth   +++++                    (no amulet)
HPRegen 0.28/turn                (no ring)
MPRegen 0.12/turn                (no ring)

@: mighty, lethally poisoned (-1 -> -16), studying Necromancy
A: small, no large weapons, nightstalker 3
a: Renounce Religion, Stomp


You were on level 5 of the Dungeon.
You worshipped Uskayaw.
Uskayaw was noncommittal.
You visited 2 branches of the dungeon, and saw 6 of its levels.

You collected 220 gold pieces.

Inventory:

Hand Weapons
 a - a +2 dagger
 v - a +3 dagger (weapon)
Missiles
 d - 20 poisoned darts
 i - a throwing net (quivered)
 t - a curare-tipped dart
Armour
 b - a +0 robe (worn)
 c - a +0 cloak (worn)
 w - a +1 helmet (worn)
Jewellery
 m - a ring of positive energy
 s - a ring of wizardry
Wands
 e - a wand of charming (20)
 k - a wand of quicksilver (5)
 o - a wand of digging (6)
Scrolls
 h - 3 scrolls of identify
 l - a scroll of poison {unknown}
 q - a scroll of fog
 r - a scroll of blinking {unknown}
 x - a scroll of teleportation {unknown}
 y - 2 scrolls of torment {unknown}
Potions
 f - a potion of might
 g - a potion of resistance
 j - a potion of attraction
 n - a potion of mutation
 p - a potion of lignification {unknown}
 u - a potion of berserk rage {unknown}


   Skills:
 + Level 4.5 Fighting
 * Level 7.2 Short Blades
 - Level 2.1 Throwing
 + Level 4.3 Dodging
 + Level 7.4 Stealth
 * Level 3.3 Invocations


You had 7 spell levels left.
You didn't know any spells.
Your spell library contained the following spells:

 Spells                   Type           Power      Damage    Failure   Level
 Blink                    Tloc           0%         N/A       43%         2
 Momentum Strike          Conj/Tloc      0%         3d8       43%         2
 Lesser Beckoning         Tloc           0%         N/A       67%         3
 Summon Guardian Golem    Hex/Summ       0%         N/A       67%         3
 Orb of Destruction       Conj           0%         9d5       100%        7
 Spellforged Servitor     Conj/Summ      0%         N/A       100%        7


Dungeon Overview and Level Annotations

Branches:
Dungeon (5/15)             Temple (1/1) D:4

Altars:
Cheibriados
Dithmenos
Elyvilon
Fedhas
Gozag
Hepliaklqana
Kikubaaqudgha
Makhleb
Nemelex Xobeh
Okawaru
Qazlal
Ru
Sif Muna
Trog
Uskayaw
Vehumet
Wu Jian
Xom
Yredelemnul
Zin
The Shining One

Shops:
D:1 =

Annotations:
D:5 1 runed translucent door, bmack86's ghost, amateur MiFi


Innate Abilities, Weirdness & Mutations

You are small and have problems with some larger weapons.
You are completely attuned to the shadows.


Message History

A gnoll is nearby!
A gnoll is nearby!
A gnoll is nearby!
A gnoll sergeant comes into view. It is wielding a +3 trident of venom.
A gnoll comes into view. It is wielding a +0 club.
The gnoll shouts!
The gnoll sergeant shouts!
The gnoll shouts!
The gnoll sergeant barely misses you.
A gnoll comes into view. It is wielding a +0 halberd.
The gnoll completely misses you.
The gnoll shouts!
You hit the gnoll.
The gnoll is moderately wounded.
The gnoll sergeant completely misses you.
The gnoll barely misses you.
You hit the gnoll.
The gnoll is heavily wounded.
The gnoll misses you.
The gnoll sergeant hits you from afar with a +3 trident of venom!
You are poisoned.
You hit the gnoll.
The gnoll is severely wounded.
You feel sick.
You hit the gnoll.
The gnoll is almost dead.
You feel sick.
The gnoll sergeant hits you from afar with a +3 trident of venom!
You are lethally poisoned!
The gnoll misses you. The gnoll hits you with a +0 club.
* * * LOW HITPOINT WARNING * * *
The gnoll hits you with a +0 spear.
* * * LOW HITPOINT WARNING * * *
You are too injured to fight recklessly!
You are too injured to fight recklessly!
It was a potion of might.
You feel very mighty all of a sudden.
* * * LOW HITPOINT WARNING * * *
You feel very sick.
An adder comes into view.
The gnoll sergeant hits you from afar with a +3 trident of venom!
You die...

...# ##.# .### #.# ....# #.#
#+#...# #)# #......
#<#...#### #.# ..#......
#.....'... #)# ..#g.g...
#.....#### #.# ...gg....
#..###.#.. #.# ###.@.... #..#
#.#.# #.# S........ #..#
#.#.# #.# ...../... #..# #.#
# #.# #########.[... #..# #.#
##'## #..........######..###
....# #.##########...[.....#
#...####'#........'...#######
#...##.........####...#≈§≈≈≈#
#...##.........#.)....#≈...§#


You could see a gnoll sergeant, 3 gnolls and an adder (wandering).

Vanquished Creatures
  Sigmund (D:5)
  A centaur (D:4)
  A scorpion (D:5)
  2 necrophages (D:5)
  3 hounds (D:5)
  An iguana (D:4)
  2 orc wizards (D:5)
  Ijyb (D:3)
  Robin (D:2)
  9 gnolls
  4 adders
  A white imp (D:5)
  2 worms
  3 dart slugs
  7 orcs
  10 endoplasms
  3 giant cockroaches
  11 hobgoblins
  5 jackals (D:4)
  2 quokkas
  2 ball pythons
  4 bats (D:3)
  7 frilled lizards
  13 goblins
  9 kobolds
  10 rats
115 creatures vanquished.

Notes
Turn   | Place    | Note
-------+----------+-------------------------------------------
     0 | D:1      | wormed the Kobold Brigand began the quest for the Orb.
     0 | D:1      | Reached XP level 1. HP: 12/12 MP: 1/1
   315 | D:1      | Reached XP level 2. HP: 18/18 MP: 2/2
   457 | D:1      | Found Exzazeifis's Jewellery Shoppe.
   866 | D:2      | Noticed Robin
   872 | D:1      | Reached XP level 3. HP: 15/22 MP: 3/3
   979 | D:2      | You fall into a shaft and drop 1 floor!
  1176 | D:2      | Reached XP level 4. HP: 21/27 MP: 4/4
  1325 | D:3      | Noticed Ijyb
  1334 | D:3      | Killed Ijyb
  1720 | D:3      | Reached XP level 5. HP: 28/32 MP: 5/5
  2177 | D:3      | Found a snail-covered altar of Cheibriados.
  2189 | D:3      | Found a blossoming altar of Fedhas.
  2325 | D:2      | Killed Robin
  2406 | D:2      | Reached skill level 5 in Short Blades
  2857 | D:4      | Noticed a centaur
  2860 | D:4      | Killed a centaur
  2861 | D:4      | Reached XP level 6. HP: 37/37 MP: 6/6
  2934 | D:4      | Found a staircase to the Ecumenical Temple.
  2985 | Temple   | Entered the Ecumenical Temple
  3246 | Temple   | Became a worshipper of Uskayaw the Reveller
  3443 | D:4      | Reached * piety under Uskayaw
  3676 | D:4      | Reached ** piety under Uskayaw
  4156 | D:5      | Entered Level 5 of the Dungeon
  4192 | D:5      | Found a runed translucent door.
  4192 | D:5      | Noticed bmack86's ghost (amateur MiFi)
  4202 | D:5      | Reached skill level 1 in Invocations
  4476 | D:5      | Reached XP level 7. HP: 23/42 MP: 7/7
  4725 | D:5      | Noticed Sigmund
  4732 | D:5      | Killed Sigmund
  4850 | D:5      | Reached *** piety under Uskayaw
  4855 | D:5      | Reached **** piety under Uskayaw
  5175 | D:5      | Reached XP level 8. HP: 48/48 MP: 10/10
  5472 | D:5      | Slain by a gnoll sergeant

Illustrated notes

Levels and vault maps discovered:
D:1:      dpeg_arrival_connections, layout_basic, serial_shops,
          nicolae_diamond_shop
D:2:      layout_rooms, uniq_robin
D:3:      layout_basic, amethyst_overflow_temple_binary, uniq_ijyb
D:4:      layout_basic, temple_green, grunt_decor_cap, minmay_manual_mess
D:5:      layout_basic, hellmonk_ghost_happy_afterlife,
          amcnicky_mini_pool_small, grunt_ministairs_14, kennysheep_minor_cross,
          uniq_sigmund
Temple:   nicolae_temple_slightly_damp_pantheon

Skill      XL: |  1  2  3  4  5  6  7 |
---------------+----------------------+-----
Short Blades   | 3 4 5 6 7 |  7.2
Dodging        | 2 3 4 |  4.3
Fighting       | 3 4 |  4.5
Stealth        | 6 7 |  7.4
Invocations    | 1 3 |  3.3
Throwing       | |  2.1

Action                   |  1- 3 |  4- 6 |  7- 9 || total
-------------------------+-------+-------+-------++-------
Melee: Dagger            |    59 |   157 |   108 ||   324
       Punch             |       |     1 |     1 ||     2
Throw: Dart              |       |    14 |     1 ||    15
       Throwing net      |       |       |     1 ||     1
  Use: Scroll            |       |    11 |       ||    11
       Potion            |       |       |     1 ||     1
 Stab: Sleeping          |    17 |    17 |     6 ||    40
       Distracted        |     3 |     1 |       ||     4
       Invisible         |       |     5 |       ||     5
       Held in net/web   |       |       |     1 ||     1
       Paralysed         |       |       |     1 ||     1
Armor: Robe              |     6 |    28 |    15 ||    49
Dodge: Dodged            |    23 |    93 |    54 ||   170

Table legend: (Time is in decaauts)
 A = Elapsed time spent in this place.
 B = Non-inter-level travel time spent in this place.
 C = Inter-level travel time spent in this place.
 D = Time resting spent in this place.
 E = Time spent auto-exploring this place.
 F = Levels seen in this place.
 G = Mean time per level.
                   A        B        C        D        E       F      G
               +--------+--------+--------+--------+--------+-----+--------+
         Total |   5387 |   5178 |    209 |     33 |   4349 |   6 |  897.8 |
       Dungeon |   5105 |   4914 |    191 |     33 |   4126 |   5 | 1021.0 |
        Temple |    281 |    263 |     18 |      0 |    223 |   1 |  281.0 |
               +--------+--------+--------+--------+--------+-----+--------+

Top non-repeatable levels by time:
     D:5: 1274 daAuts
     D:3: 1070 daAuts
     D:4: 1033 daAuts
     D:1: 902 daAuts
     D:2: 825 daAuts
  Temple: 281 daAuts
